 Dungeon Crawl Stone Soup version 0.29-a0-914-g906f1d757c (webtiles) character file.

Game seed: 10283400670681916305

2415 funkygono the Firebug (level 9, 0/47 HPs)
             Began as a Gargoyle Fire Elementalist on July 26, 2022.
             Was a Follower of Vehumet.
             Slain by an orc warrior
             ... wielding a +0 trident
              (5 damage)
             ... on level 7 of the Dungeon.
             The game lasted 00:19:53 (7916 turns).

funkygono the Firebug (Gargoyle Fire Elementalist)  Turns: 7916, Time: 00:19:54

Health: 0/47       AC: 14    Str: 11    XL:     9   Next: 47%
Magic:  3/19       EV: 12    Int: 21    God:    Vehumet [*.....]
Gold:   284        SH:  0    Dex: 10    Spells: 8/22 levels left

rFire   . . .      SeeInvis .   n - +2 flail (protect)
rCold   . . .      Faith    .   (no shield)
rNeg    + + .      Spirit   .   a - +0 robe
rPois   ∞          Reflect  .   c - +1 helmet
rElec   +          Harm     .   s - +1 cloak
rCorr   +          Rampage  .   l - +1 pair of gloves
Will    .....                   (no boots)
Stlth   ++........              (no amulet)
HPRegen 0.15/turn               j - ring of resist corrosion
MPRegen 0.16/turn               m - ring of positive energy

@: no status effects
A: sickness immunity, AC +6, negative energy resistance 1, electricity
resistance, torment resistance 1, petrification resistance
a: Renounce Religion


You were on level 7 of the Dungeon.
You worshipped Vehumet.
Vehumet was aware of your devotion.
You visited 1 branch of the dungeon, and saw 7 of its levels.

You collected 388 gold pieces.
You spent 104 gold pieces at shops.

Inventory:

Hand Weapons
 n - a +2 flail of protection (weapon)
 p - a +0 whip
 r - a +2 quarterstaff of chaos
 y - a +6 battleaxe of electrocution
 B - the +4 rapier "Pahelo Etem" {flame, rF+ Str+3}
   (You found it on level 6 of the Dungeon)

   It burns those it strikes, dealing additional fire damage.
   Str:       It affects your strength (+3).
   rF:        It protects you from fire.
Armour
 a - a +0 robe (worn)
 c - a +1 helmet (worn)
 l - a +1 pair of gloves (worn)
 s - a +1 cloak (worn)
Magical Staves
 F - a staff of air
Jewellery
 j - a ring of resist corrosion (left hand)
 m - a ring of positive energy (right hand)
 v - the ring of the Sandy Fig {rPois rF+++ rC- AC+4 Str+3 Dex-5}
   (You found it on level 4 of the Dungeon)

   [ring of protection]

   AC:        It affects your AC (+4).
   Str:       It affects your strength (+3).
   Dex:       It affects your dexterity (-5).
   rF:        It renders you almost immune to fire.
   rC:        It makes you vulnerable to cold.
   rPois:     It protects you from poison.
 G - a ring of willpower
 I - a ring of fire
Wands
 w - a wand of quicksilver (8)
 D - a wand of flame (25)
Scrolls
 g - 2 scrolls of vulnerability
 t - 3 scrolls of silence
 u - 2 scrolls of teleportation
 C - 3 scrolls of magic mapping
Potions
 b - 3 potions of magic
 d - a potion of berserk rage {unknown}
 e - 2 potions of attraction
 f - 2 potions of mutation {unknown}
 h - 3 potions of lignification {unknown}
 i - 2 potions of flight {unknown}
 k - 3 potions of heal wounds
 o - 4 potions of curing
 q - a potion of haste {unknown}
 x - a potion of might {unknown}
 z - a potion of invisibility {unknown}


   Skills:
 + Level 1.3 Fighting
 + Level 1.0 Maces & Flails
 + Level 3.7 Dodging
 - Level 2.1 Stealth
 + Level 7.0 Spellcasting
 + Level 6.2 Conjurations
 + Level 7.4 Fire Magic


You had 8 spell levels left.
You knew the following spells:

 Your Spells              Type           Power      Damage    Failure   Level
a - Foxfire               Conj/Fire      100%       2x1d9     1%          1
b - Scorch                Fire           76%        2d8       1%          2
c - Conjure Flame         Conj/Fire      36%        6-21      1%          3
d - Flame Wave            Conj/Fire      36%        2d9       5%          4
e - Sticky Flame          Conj/Fire      36%        2d6       5%          4

Your spell library contained the following spells:

 Spells                   Type           Power      Damage    Failure   Level
 Shock                    Conj/Air       80%        1d8       2%          1
 Magic Dart               Conj           100%       1d8       1%          1
 Static Discharge         Conj/Air       20%        3-6/arc   3%          2
 Inner Flame              Hex/Fire       23%        N/A       6%          3
 Dazzling Flash           Conj/Hex       40%        N/A       8%          3
 Apportation              Tloc           14%        N/A       9%          1
 Necrotise                Necr           28%        1d5       9%          1
 Summon Small Mammal      Summ           28%        N/A       9%          1
 Mephitic Cloud           Conj/Pois/Air  16%        N/A       11%         3
 Call Imp                 Summ           7%         N/A       13%         2
 Dispel Undead            Necr           7%         3d8       65%         4
 Agony                    Necr           7%         N/A       94%         5
 Silence                  Hex/Air        3%         N/A       94%         5


Dungeon Overview and Level Annotations

Branches:
Dungeon (7/15)             Temple (0/1) D:6

Altars:
Nemelex Xobeh
Uskayaw
Vehumet

Shops:
D:1 (*[:[

Annotations:
D:5 3 runed translucent doors, viper001's ghost, novice PaFi


Innate Abilities, Weirdness & Mutations

You are immune to sickness and miasma.
Your stone body is resilient. (AC +6)
You are immune to poison.
You resist negative energy. (rN+)
You are resistant to electric shocks. (rElec)
You are resistant to unholy torment.
You are immune to petrification.


Message History

The orc warrior is moderately wounded.
The foxfire hits the orc warrior.
The orc warrior is moderately wounded.
The orc priest mumbles some strange prayers to Beogh against you.
Beogh smites you!
The orc warrior throws a boomerang.
The boomerang barely misses you.
The orc priest hits you with a +2 trident of protection!
* * * LOW HITPOINT WARNING * * *
The orc warrior barely misses you.
Things that are here:
a +0 whip; a +0 ring mail; an orc corpse
Casting: Foxfire (safe; 1% risk of failure)
Confirm with . or Enter, or press ? or * to list all spells.
Casting: Flame Wave (dangerous; 5% risk of failure)
Press: ? - help, Dir - look around, f - activate A wave of flame ripples out!
The flame wave engulfs the orc priest but does no damage.
The flame wave engulfs the orc warrior.
The orc warrior is heavily wounded. (Press . to intensify the flame waves.)
The orc priest begins to cast a cantrip, but forgets the words!
The orc warrior hits you with a +0 trident.
* * * LOW HITPOINT WARNING * * *
A wave of flame ripples out!
The flame wave engulfs the orc priest.
The orc priest is moderately wounded.
The flame wave engulfs the orc warrior!
The orc warrior is severely wounded.
You hear a shout!
The orc priest barely misses you. The orc warrior closely misses you.
Unknown command.
A wave of flame ripples out!
The flame wave engulfs the orc priest.
The orc priest is heavily wounded.
The flame wave engulfs the orc warrior.
The orc warrior is almost dead.
You finish channelling waves of flame.
You hear a shout!
The orc priest hits you with a +2 trident of protection.
* * * LOW HITPOINT WARNING * * *
The orc warrior hits you with a +0 trident.
You die...

##.## #..# ##.#
##. #.## ....
##..### .....
#.....### #.....
#...##...####....#
#...#####...#o)..#
#....# ###.@o..#
..... ###..##
##.### ### ##


You could see an orc warrior and an orc priest.

Vanquished Creatures
  Grinder (D:6)
  Sigmund (D:2)
  A steam dragon (D:6)
  A water moccasin (D:6)
  A sky beast (D:6)
  An ice beast (D:5)
  A black bear (D:5)
  2 phantoms (D:5)
  A bullfrog (D:7)
  Blork the orc (D:5)
  3 necrophages
  3 scorpions
  3 howler monkeys
  5 hounds
  A jelly (D:6)
  3 orc priests
  Crazy Yiuf (D:2)
  A gnoll bouda (D:5)
  An iguana (D:5)
  Terence (D:2)
  An orc wizard (D:5)
  15 gnolls
  12 adders
  3 ufetubi (D:5)
  4 worms
  13 orcs
  5 endoplasms
  2 giant cockroaches
  8 goblins
  4 hobgoblins
  7 jackals
  4 kobolds
  3 quokkas
  7 ball pythons
  7 bats
  2 frilled lizards
  3 rats
133 creatures vanquished.

Vanquished Creatures (others)
  532 foxfires
  4 fungi (D:2)
  46 plants
582 creatures vanquished.

Grand Total: 715 creatures vanquished

Notes
Turn   | Place    | Note
-------+----------+-------------------------------------------
     0 | D:1      | funkygono the Gargoyle Fire Elementalist began the quest
                  | for the Orb.
     0 | D:1      | Reached XP level 1. HP: 10/10 MP: 3/3
    20 | D:1      | Found Migu's Armour Emporium.
    91 | D:1      | Found Xubewk's Book Emporium.
   195 | D:1      | Found Etoadifo's General Store.
   221 | D:1      | Found Havos's Weapon Emporium.
   418 | D:1      | Found Xifyduedgh's Armour Emporium.
   471 | D:1      | Reached XP level 2. HP: 15/15 MP: 1/5
   809 | D:1      | Learned a level 2 spell: Scorch
   974 | D:1      | Bought a +0 pair of gloves for 49 gold pieces
  1221 | D:2      | Reached XP level 3. HP: 19/19 MP: 3/6
  1225 | D:2      | Learned a level 3 spell: Conjure Flame
  1290 | D:2      | Noticed Sigmund
  1305 | D:2      | Killed Sigmund
  1306 | D:2      | Reached XP level 4. HP: 17/24 MP: 0/9
  1306 | D:2      | Reached XP level 5. HP: 20/28 MP: 0/10
  1540 | D:2      | Found a runed translucent door.
  1541 | D:2      | Noticed Crazy Yiuf
  1562 | D:2      | Found a faded altar of an unknown god.
  1863 | D:2      | Noticed Terence
  1869 | D:2      | Killed Terence
  1870 | D:2      | Reached XP level 6. HP: 33/33 MP: 3/11
  2286 | D:2      | Killed Crazy Yiuf
  2435 | D:1      | Bought a potion of heal wounds for 55 gold pieces
  2551 | D:3      | Learned a level 4 spell: Flame Wave
  2655 | D:3      | Found a hide-covered altar of Uskayaw.
  3624 | D:4      | Reached skill level 5 in Fire Magic
  3684 | D:3      | Reached XP level 7. HP: 29/37 MP: 5/13
  4403 | D:4      | Found a sparkling altar of Nemelex Xobeh.
  4403 | D:4      | Found a transporter.
  4419 | D:4      | Identified the ring of the Sandy Fig {rPois rF+++ rC- AC+4
                  | Str+3 Dex-5}
  4548 | D:5      | Entered Level 5 of the Dungeon
  4596 | D:5      | Found a radiant altar of Vehumet.
  4605 | D:5      | Became a worshipper of Vehumet
  4630 | D:5      | Noticed Blork the orc
  4640 | D:5      | Killed Blork the orc
  5163 | D:5      | Reached skill level 5 in Spellcasting
  5163 | D:5      | Reached XP level 8. HP: 42/42 MP: 10/15
  5170 | D:5      | Learned a level 4 spell: Sticky Flame
  5413 | D:5      | Found a runed translucent gate.
  5414 | D:5      | Found a runed translucent gate.
  5415 | D:5      | Found a runed translucent gate.
  5418 | D:5      | Noticed a troll
  5420 | D:5      | Noticed viper001's ghost (novice PaFi)
  5440 | D:5      | Reached skill level 5 in Conjurations
  5824 | D:5      | Reached skill level 1 in Fighting
  6088 | D:6      | Identified the +4 rapier "Pahelo Etem" {flame, rF+ Str+3}
  6485 | D:5      | Reached * piety under Vehumet
  6485 | D:5      | Offered knowledge of Shock by Vehumet.
  6676 | D:6      | Reached XP level 9. HP: 47/47 MP: 13/18
  6822 | D:6      | Found a staircase to the Ecumenical Temple.
  6985 | D:6      | Noticed Grinder
  6995 | D:6      | Killed Grinder
  7166 | D:6      | Reached skill level 1 in Maces & Flails
  7916 | D:7      | Slain by an orc warrior

Illustrated notes

Levels and vault maps discovered:
D:1:      ncdulo_smallfort, layout_loops_ring, serial_shops,
          nicolae_shop_crystal, shop, nicolae_diamond_shop, shop,
          nicolae_shop_bloodbath_and_beyond, chequers_serial_rivers_micro_a
D:2:      layout_basic, dreamdust_ecumenical_altar_hidden_monk_grotto,
          nicolae_elevator_lobby_asterisk, uniq_crazy_yiuf_cottage,
          uniq_terence, uniq_sigmund
D:3:      layout_rooms, nicolae_uskayaw_dance_hall, serial_curves,
          eino_curves_02, eino_curves_01, eino_curves_01, eino_curves_04,
          chequers_serial_rivers_room_a
D:4:      layout_cave_pools, grunt_nemelex_the_gamble, serial_glass,
          glass_columns_a, glass_columns_a, feat_on_display,
          minmay_strange_pillars, minmay_strange_pillars, due_unseen_surprise,
          kennysheep_big_empty_room
D:5:      layout_basic, mainiacjoe_overflow_six_doors_small,
          gammafunk_ghost_split, uniq_blork_the_orc
D:6:      layout_basic, minmay_temple_entry_large_hall, serial_bayou_lagoon_a,
          kennysheep_crisscross, minmay_joined_circles, uniq_grinder
D:7:      layout_cave_pods, minmay_misc_feat_ornament, minivault_25, minivault_5

Skill      XL: |  1  2  3  4  5  6  7  8  9 |
---------------+----------------------------+-----
Dodging        | 2 3 |  3.7
Spellcasting   | 3 4 5 6 7 |  7.0
Conjurations   | 2 3 4 5 6 |  6.2
Fire Magic     | 4 5 6 7 |  7.4
Fighting       | 1 |  1.3
Maces & Flails | 1 |  1.0
Stealth        | |  2.1

Action                   |  1- 3 |  4- 6 |  7- 9 || total
-------------------------+-------+-------+-------++-------
Melee: Club              |     3 |     4 |       ||     7
       Flail             |       |    11 |    23 ||    34
 Cast: Foxfire           |    36 |    90 |   189 ||   315
       Scorch            |       |     7 |    23 ||    30
       Flame Wave        |       |       |     1 ||     1
  Use: Scroll            |       |     7 |     9 ||    16
       Potion            |       |       |     1 ||     1
Armor: Robe              |     9 |    13 |    66 ||    88
Dodge: Dodged            |    12 |    22 |    97 ||   131

Table legend: (Time is in decaauts)
 A = Elapsed time spent in this place.
 B = Non-inter-level travel time spent in this place.
 C = Inter-level travel time spent in this place.
 D = Time resting spent in this place.
 E = Time spent auto-exploring this place.
 F = Levels seen in this place.
 G = Mean time per level.
                   A        B        C        D        E       F      G
               +--------+--------+--------+--------+--------+-----+--------+
         Total |   7947 |   7567 |    380 |    513 |   5686 |   7 | 1135.3 |
       Dungeon |   7947 |   7567 |    380 |    513 |   5686 |   7 | 1135.3 |
               +--------+--------+--------+--------+--------+-----+--------+

Top non-repeatable levels by time:
     D:5: 1733 daAuts
     D:6: 1479 daAuts
     D:2: 1437 daAuts
     D:1: 1137 daAuts
     D:3: 1104 daAuts
     D:4: 879 daAuts
     D:7: 176 daAuts
